[Event "Bundesliga"]
[Site "Muenchen/Germany"]
[Date "2010.02.06"]
[Round "8.2"]
[White "Haba"]
[Black "Efimenko"]
[Result "1/2-1/2"]
[ECO "B92"]
[WhiteElo "2541"]
[BlackElo "2654"]
[Annotator "Robot 4"]
[PlyCount "41"]
[EventDate "2010.??.??"]
[WhiteTeam "ERF"]
[BlackTeam "WBR"]
[TimeControl "40/6000+30:20/3000+30:900+30"]

1. e4 c5 2. Nf3 d6 3. d4 cxd4 4. Nxd4 Nf6 5. Nc3 a6 6. Be2 e5 7. Nb3 Be7 8. O-O
O-O 9. Be3 Be6 10. Nd5 Nbd7 11. Qd3 Bxd5 12. exd5 Rc8 13. c4 a5 14. Nd2 Nc5 15.
Qc2 Nfd7 16. Bg4 Rc7 17. Bxd7 Nxd7 18. Qa4 b6 19. b4 axb4 20. Qxb4 f5 21. a4
1/2-1/2

[Event "Bundesliga"]
[Site "Muenchen/Germany"]
[Date "2010.02.06"]
[Round "8.4"]
[White "Enders"]
[Black "Nyback"]
[Result "1/2-1/2"]
[ECO "C63"]
[WhiteElo "2467"]
[BlackElo "2615"]
[Annotator "Robot 4"]
[PlyCount "41"]
[EventDate "2010.??.??"]
[WhiteTeam "ERF"]
[BlackTeam "WBR"]
[TimeControl "40/6000+30:20/3000+30:900+30"]

1. e4 e5 2. Nf3 Nc6 3. Bb5 f5 4. Nc3 fxe4 5. Nxe4 Nf6 6. Nxf6+ Qxf6 7. O-O Be7
8. Bxc6 dxc6 9. Qe2 Bg4 10. Qxe5 O-O 11. Qxf6 Bxf6 12. d3 Bxf3 13. gxf3 Be5 14.
Re1 Bd6 15. f4 Rf6 16. Re4 Raf8 17. Be3 Bxf4 18. Bxf4 Rxf4 19. Rxf4 Rxf4 20.
Re1 Kf7 21. Kg2 1/2-1/2

[Event "Bundesliga"]
[Site "Muenchen/Germany"]
[Date "2010.02.06"]
[Round "8.1"]
[White "McShane"]
[Black "Romanov"]
[Result "1/2-1/2"]
[ECO "B51"]
[WhiteElo "2615"]
[BlackElo "2588"]
[Annotator "Robot 4"]
[PlyCount "96"]
[EventDate "2010.??.??"]
[WhiteTeam "WBR"]
[BlackTeam "ERF"]
[TimeControl "40/6000+30:20/3000+30:900+30"]

1. e4 c5 2. Nf3 Nc6 3. Bb5 d6 4. O-O Bd7 5. c3 Nf6 6. Re1 a6 7. Bf1 Bg4 8. d4
cxd4 9. cxd4 e5 10. d5 Nd4 11. Be3 Nxf3+ 12. gxf3 Bh5 13. Qb3 Qd7 14. Nd2 Be7
15. Bg2 O-O 16. Nc4 Bd8 17. Nb6 Bxb6 18. Qxb6 Rfc8 19. Rac1 Ne8 20. f4 Rxc1 21.
Rxc1 f6 22. h3 Rc8 23. Rxc8 Qxc8 24. fxe5 fxe5 25. f4 Bg6 26. Kh2 Qd7 27. Bd2
exf4 28. Bxf4 Nf6 29. Qd4 Nh5 30. Bd2 Qe7 31. e5 dxe5 32. d6 exd4 33. dxe7 b6
34. Bd5+ Kh8 35. Bg5 Be8 36. b4 h6 37. Bd2 Nf6 38. Bb7 Bb5 39. Kg3 Kg8 40. Kf4
Kf7 41. Ke5 d3 42. a4 Bxa4 43. Bxa6 Kxe7 44. Bxd3 Nd7+ 45. Kf4 g5+ 46. Kg3 Ne5
47. Be2 Bd7 48. h4 gxh4+ 1/2-1/2

[Event "Bundesliga"]
[Site "Muenchen/Germany"]
[Date "2010.02.06"]
[Round "8.5"]
[White "Hracek"]
[Black "Mueller"]
[Result "1/2-1/2"]
[ECO "C78"]
[WhiteElo "2606"]
[BlackElo "2410"]
[Annotator "Robot 4"]
[PlyCount "61"]
[EventDate "2010.??.??"]
[WhiteTeam "WBR"]
[BlackTeam "ERF"]
[TimeControl "40/6000+30:20/3000+30:900+30"]

1. e4 e5 2. Nf3 Nc6 3. Bb5 a6 4. Ba4 Nf6 5. O-O b5 6. Bb3 Bc5 7. a4 Rb8 8. c3
d6 9. d4 Bb6 10. h3 Bb7 11. Re1 O-O 12. axb5 axb5 13. Na3 exd4 14. cxd4 Na5 15.
Bc2 b4 16. Nb1 c5 17. Bg5 h6 18. Bh4 cxd4 19. Qd3 Re8 20. Nbd2 Nc6 21. Nc4 Bc7
22. Nxd4 Nxd4 23. Qxd4 d5 24. Bxf6 Qxf6 25. Qxf6 gxf6 26. exd5 Rxe1+ 27. Rxe1
Bxd5 28. Bb3 Rd8 29. Rd1 Bxc4 30. Rxd8+ Bxd8 31. Bxc4 1/2-1/2

[Event "Bundesliga"]
[Site "Muenchen/Germany"]
[Date "2010.02.06"]
[Round "8.6"]
[White "Schoene"]
[Black "Babula"]
[Result "1-0"]
[ECO "B81"]
[WhiteElo "2274"]
[BlackElo "2569"]
[Annotator "Robot 4"]
[PlyCount "41"]
[EventDate "2010.??.??"]
[WhiteTeam "ERF"]
[BlackTeam "WBR"]
[TimeControl "40/6000+30:20/3000+30:900+30"]

1. e4 c5 2. Nf3 d6 3. d4 cxd4 4. Nxd4 Nf6 5. Nc3 e6 6. g4 h6 7. h3 Nc6 8. Be3
Bd7 9. f4 Nxd4 10. Qxd4 Bc6 11. O-O-O Be7 12. Be2 Qa5 13. g5 e5 14. Qc4 Nxe4
15. Nxe4 d5 16. Qb3 dxe4 17. gxh6 g6 18. Bc4 Rh7 19. fxe5 Qb4 20. Bxf7+ Rxf7
21. h7 1-0

[Event "Bundesliga"]
[Site "Muenchen/Germany"]
[Date "2010.02.06"]
[Round "8.7"]
[White "Llaneza Vega"]
[Black "Schuetze"]
[Result "1-0"]
[ECO "B31"]
[WhiteElo "2504"]
[BlackElo "2278"]
[Annotator "Robot 4"]
[PlyCount "91"]
[EventDate "2010.??.??"]
[WhiteTeam "WBR"]
[BlackTeam "ERF"]
[TimeControl "40/6000+30:20/3000+30:900+30"]

1. e4 c5 2. Nc3 Nc6 3. Nf3 g6 4. Bb5 Bg7 5. O-O Nh6 6. d3 O-O 7. h3 f5 8. Re1
d6 9. Nd5 e5 10. Bg5 Qa5 11. Bc4 Kh8 12. a3 b5 13. b4 Qa6 14. Nc7 Qb7 15. Nxb5
cxb4 16. Nxd6 Qd7 17. Nxc8 Raxc8 18. axb4 Nf7 19. b5 Nd4 20. Nxd4 exd4 21. Bxf7
Rxf7 22. e5 Qxb5 23. e6 Rfc7 24. Qf3 Qe8 25. Qf4 Qc6 26. e7 Re8 27. Ra6 Qc5 28.
Rd6 Kg8 29. Rd8 Rc8 30. Rxc8 Qxc8 31. Qd6 h6 32. Bf6 Qc3 33. Re2 Qa1+ 34. Kh2
Qa2 35. Bxg7 Kxg7 36. Qxd4+ Kf7 37. Qe3 Qa6 38. g3 Kg7 39. Qd4+ Kf7 40. Qd5+
Kf6 41. Qd7 Kf7 42. c4 Qb6 43. d4 a5 44. d5 Qf6 45. d6 f4 46. Qxe8+ 1-0

[Event "Bundesliga"]
[Site "Muenchen/Germany"]
[Date "2010.02.06"]
[Round "8.8"]
[White "Krueger"]
[Black "Skripchenko"]
[Result "1/2-1/2"]
[ECO "E68"]
[WhiteElo "2211"]
[BlackElo "2448"]
[Annotator "Robot 4"]
[PlyCount "54"]
[EventDate "2010.??.??"]
[WhiteTeam "ERF"]
[BlackTeam "WBR"]
[TimeControl "40/6000+30:20/3000+30:900+30"]

1. d4 Nf6 2. Nf3 d6 3. g3 g6 4. Bg2 Bg7 5. O-O O-O 6. c4 Nbd7 7. Nc3 e5 8. e4
a6 9. Re1 exd4 10. Nxd4 Ne5 11. b3 c5 12. Nc2 Rb8 13. Bb2 b5 14. cxb5 axb5 15.
Rb1 b4 16. Nd5 Nxd5 17. Qxd5 Be6 18. Qd2 c4 19. Nxb4 Qa5 20. Bc3 Nd3 21. e5
Nxe1 22. Nc6 Qb6 23. Rxe1 cxb3 24. axb3 Qxb3 25. Nxb8 Qxb8 26. exd6 Bxc3 27.
Qxc3 Qxd6 1/2-1/2

[Event "Bundesliga"]
[Site "Remagen/Germany"]
[Date "2010.02.06"]
[Round "8.2"]
[White "Buhmann"]
[Black "Flumbort"]
[Result "1/2-1/2"]
[ECO "A33"]
[WhiteElo "2603"]
[BlackElo "2507"]
[Annotator "Robot 4"]
[PlyCount "58"]
[EventDate "2010.??.??"]
[WhiteTeam "SOL"]
[BlackTeam "TRI"]
[TimeControl "40/6000+30:20/3000+30:900+30"]

1. Nf3 c5 2. c4 Nc6 3. d4 cxd4 4. Nxd4 Nf6 5. Nc3 e6 6. Bf4 d5 7. cxd5 Nxd5 8.
Nxc6 bxc6 9. Bd2 Bb4 10. Qc2 Rb8 11. e3 Nxc3 12. bxc3 Be7 13. Bd3 h6 14. O-O
O-O 15. c4 e5 16. Bc3 Qc7 17. Bh7+ Kh8 18. Bf5 Bb4 19. Bb2 Bc5 20. Bc3 Bb4 21.
Bb2 Bc5 22. Rab1 Bxf5 23. Qxf5 f6 24. Bc3 Rxb1 25. Rxb1 Rb8 26. Rxb8+ Qxb8 27.
g4 Qd8 28. Kg2 Qd1 29. Qf3 Qd3 1/2-1/2

[Event "Bundesliga"]
[Site "Remagen/Germany"]
[Date "2010.02.06"]
[Round "8.8"]
[White "Ernst"]
[Black "Korman"]
[Result "1-0"]
[ECO "D27"]
[WhiteElo "2598"]
[BlackElo "2172"]
[Annotator "Robot 4"]
[PlyCount "113"]
[EventDate "2010.??.??"]
[WhiteTeam "SOL"]
[BlackTeam "TRI"]
[TimeControl "40/6000+30:20/3000+30:900+30"]

1. d4 d5 2. c4 dxc4 3. Nf3 Nf6 4. e3 e6 5. Bxc4 c5 6. O-O a6 7. dxc5 Bxc5 8.
Qxd8+ Kxd8 9. Ne5 Ke7 10. Be2 Bd7 11. Rd1 Nc6 12. Nxd7 Nxd7 13. Nd2 Nf6 14. a3
Rhd8 15. b4 Ba7 16. Bb2 Rd7 17. Nb3 Rxd1+ 18. Rxd1 Rd8 19. Rxd8 Kxd8 20. Bf3
Ne8 21. Kf1 g6 22. g4 f5 23. Ke2 Nd6 24. gxf5 gxf5 25. Kd3 Kd7 26. Bg2 b5 27.
Nd2 Bb6 28. Bc3 Bc7 29. f4 Bb6 30. h4 Nc4 31. Nxc4 bxc4+ 32. Kd2 Ne7 33. e4
fxe4 34. Bxe4 Nf5 35. Bb7 Be3+ 36. Ke2 Bxf4 37. Bxa6 Nxh4 38. a4 Nf5 39. Bb5+
Kc7 40. Bxc4 e5 41. Bd5 Nd6 42. Kf3 Bh2 43. Kg4 Nc8 44. Kf5 Kd6 45. Bb7 Nb6 46.
a5 Nc4 47. Ke4 Na3 48. Ba6 Kc6 49. Bd3 Nb5 50. Bxe5 Nd6+ 51. Kd4 Bg1+ 52. Kc3
h5 53. Bg3 Kd5 54. Kb3 Bd4 55. Bg6 Ne4 56. Bxe4+ Kxe4 57. Kc4 1-0

[Event "Bundesliga"]
[Site "Remagen/Germany"]
[Date "2010.02.06"]
[Round "8.4"]
[White "Edouard"]
[Black "Galyas"]
[Result "1-0"]
[ECO "C10"]
[WhiteElo "2597"]
[BlackElo "2457"]
[Annotator "Robot 4"]
[PlyCount "57"]
[EventDate "2010.??.??"]
[WhiteTeam "SOL"]
[BlackTeam "TRI"]
[TimeControl "40/6000+30:20/3000+30:900+30"]

1. e4 e6 2. d4 d5 3. Nc3 Nc6 4. e5 f6 5. Bb5 Bd7 6. Nf3 Qe7 7. Bf4 O-O-O 8. Qd2
Qf7 9. h4 Kb8 10. a3 Nge7 11. h5 Nc8 12. Bd3 Nb6 13. Ne2 Be7 14. O-O-O f5 15.
h6 g6 16. Bg5 Rc8 17. Rdg1 Rhf8 18. Rh3 a6 19. g4 Nc4 20. Qf4 fxg4 21. Qxf7
Rxf7 22. Rxg4 Bxg5+ 23. Nxg5 Rxf2 24. Rf4 Rxf4 25. Nxf4 Nxd4 26. Bxc4 dxc4 27.
Nxh7 Ba4 28. Ng5 Bxc2 29. h7 1-0

[Event "Bundesliga"]
[Site "Remagen/Germany"]
[Date "2010.02.06"]
[Round "8.6"]
[White "L´Ami"]
[Black "Kolbus"]
[Result "1-0"]
[ECO "D94"]
[WhiteElo "2593"]
[BlackElo "2383"]
[Annotator "Robot 4"]
[PlyCount "71"]
[EventDate "2010.??.??"]
[WhiteTeam "SOL"]
[BlackTeam "TRI"]
[TimeControl "40/6000+30:20/3000+30:900+30"]

1. Nf3 d5 2. d4 c6 3. c4 Nf6 4. e3 g6 5. Nc3 Bg7 6. Be2 O-O 7. O-O Bg4 8. cxd5
cxd5 9. Qb3 Bc8 10. Bd2 Nc6 11. Rfc1 e6 12. Na4 Ne4 13. Be1 Nd6 14. Nc5 Re8 15.
Rc2 Re7 16. Rac1 Rc7 17. Qa3 Qe7 18. Na6 Rd7 19. Nb4 Qf8 20. Nxc6 bxc6 21. Rxc6
Bb7 22. Rc7 Rxc7 23. Rxc7 Qd8 24. Ba5 Bf8 25. Qa4 Qe8 26. Qxe8 Rxe8 27. Bb4 Rb8
28. Bc5 a5 29. Ne5 Bc8 30. b3 f6 31. Nc6 Ra8 32. Na7 a4 33. Bxd6 axb3 34. axb3
Bxd6 35. Rxc8+ Rxc8 36. Nxc8 1-0

[Event "Bundesliga"]
[Site "Remagen/Germany"]
[Date "2010.02.06"]
[Round "8.3"]
[White "Gonda"]
[Black "Werle"]
[Result "1/2-1/2"]
[ECO "E19"]
[WhiteElo "2499"]
[BlackElo "2575"]
[Annotator "Robot 4"]
[PlyCount "43"]
[EventDate "2010.??.??"]
[WhiteTeam "TRI"]
[BlackTeam "SOL"]
[TimeControl "40/6000+30:20/3000+30:900+30"]

1. Nf3 Nf6 2. c4 b6 3. g3 Bb7 4. Bg2 e6 5. O-O Be7 6. Nc3 O-O 7. d4 Ne4 8. Qc2
Nxc3 9. Qxc3 c5 10. b3 Bf6 11. Bb2 d6 12. Qc2 Nc6 13. Rad1 Qe7 14. Rd2 Rad8 15.
Rfd1 h6 16. dxc5 dxc5 17. Bxf6 Qxf6 18. Rxd8 Rxd8 19. Rxd8+ Qxd8 20. Qd2 Qxd2
21. Nxd2 Kf8 22. Nb1 1/2-1/2

[Event "Bundesliga"]
[Site "Remagen/Germany"]
[Date "2010.02.06"]
[Round "8.5"]
[White "Seger"]
[Black "Jussupow"]
[Result "0-1"]
[ECO "C09"]
[WhiteElo "2405"]
[BlackElo "2570"]
[Annotator "Robot 4"]
[PlyCount "75"]
[EventDate "2010.??.??"]
[WhiteTeam "TRI"]
[BlackTeam "SOL"]
[TimeControl "40/6000+30:20/3000+30:900+30"]

1. e4 e6 2. d4 d5 3. Nd2 c5 4. exd5 exd5 5. Ngf3 Nc6 6. Bb5 Bd6 7. dxc5 Bxc5 8.
O-O Nge7 9. Nb3 Bd6 10. Bg5 O-O 11. c3 Qc7 12. Re1 a6 13. Be2 Be6 14. Bxe7 Qxe7
15. Nbd4 Qf6 16. Qd3 Bc5 17. Rad1 Rfd8 18. g3 Bg4 19. Nxc6 bxc6 20. Nd4 Bd7 21.
b4 Bb6 22. Bf1 a5 23. a3 axb4 24. axb4 Ra3 25. Re3 g6 26. h4 Bg4 27. Rd2 Rc8
28. Bg2 c5 29. bxc5 Rxc5 30. Rc2 Kg7 31. Qd2 Ra1+ 32. Re1 Rxe1+ 33. Qxe1 Rc8
34. Rb2 Ba5 35. Nb5 d4 36. Qe4 dxc3 37. Nxc3 Bf5 38. Qa4 0-1

[Event "Bundesliga"]
[Site "Remagen/Germany"]
[Date "2010.02.06"]
[Round "8.7"]
[White "Rat"]
[Black "Ragger"]
[Result "0-1"]
[ECO "A11"]
[WhiteElo "2315"]
[BlackElo "2563"]
[Annotator "Robot 4"]
[PlyCount "103"]
[EventDate "2010.??.??"]
[WhiteTeam "TRI"]
[BlackTeam "SOL"]
[TimeControl "40/6000+30:20/3000+30:900+30"]

1. c4 Nf6 2. g3 c6 3. Nf3 d5 4. Qc2 Bg4 5. Bg2 Nbd7 6. d4 e6 7. O-O Be7 8. Nbd2
O-O 9. e4 Bh5 10. Ne5 Nb6 11. exd5 exd5 12. c5 Nbd7 13. Ndf3 Re8 14. Re1 Bxf3
15. Nxf3 Ne4 16. Nd2 Ng5 17. Nf3 Nxf3+ 18. Bxf3 Nf8 19. Bd2 Qd7 20. Bc3 Bf6 21.
Kg2 g6 22. b4 h5 23. Qd3 a6 24. a4 Ne6 25. Kf1 Nc7 26. Bg2 Kg7 27. Bd2 Ne6 28.
Be3 Re7 29. Qd2 Rae8 30. Bh3 Qd8 31. f3 h4 32. Rad1 Ng5 33. Bg4 Nh7 34. Rb1 Kg8
35. b5 axb5 36. axb5 hxg3 37. hxg3 Bg7 38. bxc6 bxc6 39. Bf2 Rxe1+ 40. Bxe1 Ng5
41. f4 Ne4 42. Qd3 g5 43. f5 Qf6 44. Rb4 Qh6 45. Bf3 Qh3+ 46. Bg2 Qxf5+ 47. Qf3
Qe6 48. Qd1 g4 49. Kg1 Nxc5 50. Bd2 Nd3 51. Ra4 Nb2 52. Bc1 0-1

[Event "Bundesliga"]
[Site "Muellheim/Germany"]
[Date "2010.02.06"]
[Round "8.3"]
[White "Czarnota"]
[Black "Fridman"]
[Result "1/2-1/2"]
[ECO "C42"]
[WhiteElo "2537"]
[BlackElo "2661"]
[Annotator "Robot 4"]
[PlyCount "63"]
[EventDate "2010.??.??"]
[WhiteTeam "WAT"]
[BlackTeam "MUL"]
[TimeControl "40/6000+30:20/3000+30:900+30"]

1. e4 e5 2. Nf3 Nf6 3. Nxe5 d6 4. Nf3 Nxe4 5. Nc3 Nxc3 6. dxc3 Be7 7. Bf4 Nc6
8. Qd2 Be6 9. O-O-O Qd7 10. Ng5 Bxg5 11. Bxg5 f6 12. Be3 O-O-O 13. Bb5 a6 14.
Be2 Bg4 15. f3 Be6 16. Rhe1 Rhe8 17. Bf1 Bf7 18. b3 Re5 19. Kb2 Rde8 20. Bf2
Rxe1 21. Bxe1 Re5 22. c4 Re7 23. Bf2 Qf5 24. h3 Bg6 25. Qc3 Rd7 26. a3 Qe5 27.
Re1 Qxc3+ 28. Kxc3 d5 29. cxd5 Ne7 30. Bc4 Nxd5+ 31. Bxd5 Rxd5 32. g4 1/2-1/2

[Event "Bundesliga"]
[Site "Muellheim/Germany"]
[Date "2010.02.06"]
[Round "8.2"]
[White "Landa"]
[Black "Bartel"]
[Result "1/2-1/2"]
[ECO "A16"]
[WhiteElo "2655"]
[BlackElo "2609"]
[Annotator "Robot 4"]
[PlyCount "42"]
[EventDate "2010.??.??"]
[WhiteTeam "MUL"]
[BlackTeam "WAT"]
[TimeControl "40/6000+30:20/3000+30:900+30"]

1. Nf3 Nf6 2. c4 g6 3. Nc3 d5 4. cxd5 Nxd5 5. e4 Nxc3 6. dxc3 Qxd1+ 7. Kxd1 f6
8. Be3 e5 9. Kc2 Nd7 10. Nd2 Bc5 11. Nc4 Bxe3 12. Nxe3 c6 13. f3 Ke7 14. h4 h5
15. Nc4 a5 16. a4 Nc5 17. Nb6 Be6 18. Nxa8 Bb3+ 19. Kd2 Rxa8 20. Ke3 f5 21. g3
Rd8 1/2-1/2

[Event "Bundesliga"]
[Site "Muellheim/Germany"]
[Date "2010.02.06"]
[Round "8.5"]
[White "Appel"]
[Black "Levin"]
[Result "1/2-1/2"]
[ECO "D35"]
[WhiteElo "2551"]
[BlackElo "2481"]
[Annotator "Robot 4"]
[PlyCount "239"]
[EventDate "2010.??.??"]
[WhiteTeam "WAT"]
[BlackTeam "MUL"]
[TimeControl "40/6000+30:20/3000+30:900+30"]

1. Nf3 Nf6 2. c4 e6 3. Nc3 d5 4. cxd5 exd5 5. d4 c6 6. Bg5 h6 7. Bxf6 Qxf6 8.
Rc1 Nd7 9. Qc2 Bb4 10. a3 Bxc3+ 11. Qxc3 O-O 12. e3 Nb6 13. Ne5 Bf5 14. Bd3
Bxd3 15. Qxd3 Qe7 16. Qb3 Nc8 17. O-O Nd6 18. Qb4 Rfd8 19. a4 f6 20. Nd3 Re8
21. Qc5 Qd7 22. Rfe1 g5 23. Qc2 Kg7 24. Nc5 Qf7 25. f3 Qg6 26. e4 dxe4 27. fxe4
b6 28. Nd3 Rac8 29. e5 fxe5 30. Rxe5 Rxe5 31. Nxe5 Qxc2 32. Rxc2 c5 33. dxc5
bxc5 34. Rd2 Kf6 35. Ng4+ Ke6 36. Re2+ Kd5 37. Nxh6 Rb8 38. Ng4 Nc4 39. Re7
Rxb2 40. Rxa7 Nd6 41. h3 c4 42. Ne3+ Kd4 43. Nxc4 Kxc4 44. Rg7 Ne4 45. h4 gxh4
46. Rg4 Kd4 47. Rxh4 Ra2 48. Rf4 Rxa4 49. Rf3 Ke5 50. Rf1 Ng3 51. Rf3 Ne2+ 52.
Kf2 Nf4 53. Kg3 Kf5 54. Rf2 Kg5 55. Rc2 Ra3+ 56. Kh2 Re3 57. Rb2 Ne2 58. Ra2
Re8 59. Ra5+ Kg4 60. Ra4+ Nf4 61. Ra2 Re4 62. Rb2 Nd3 63. Rb8 Ne5 64. Rf8 Kg5
65. Rg8+ Kf4 66. Rf8+ Ke3 67. Rf5 Ke2 68. Rg5 Nc4 69. Rg8 Rf4 70. Kg3 Rf7 71.
Ra8 Nd2 72. Ra2 Rd7 73. Kf4 Rf7+ 74. Kg3 Rf8 75. Kh3 Ke3 76. Ra3+ Kf2 77. Ra2
Rd8 78. Ra4 Rd3+ 79. Kg4 Kxg2 80. Kf4 Kf2 81. Ra2 Ke2 82. Rb2 Rd5 83. Ra2 Kd3
84. Ra8 Kd4 85. Ra4+ Nc4 86. Ra1 Nb2 87. Kg4 Nd3 88. Ra8 Rd7 89. Ra4+ Ke3 90.
Ra3 Rf7 91. Kg5 Ke4 92. Ra4+ Kd5 93. Ra5+ Nc5 94. Kg4 Kd4 95. Ra8 Ke3 96. Ra5
Nd3 97. Ra3 Rf8 98. Kg5 Ke4 99. Ra4+ Kd5 100. Ra5+ Nc5 101. Kg4 Kd4 102. Ra1
Ke5 103. Ra5 Rc8 104. Rb5 Kd4 105. Rb4+ Ke3 106. Rb1 Nd3 107. Ra1 Nb4 108. Re1+
Kd4 109. Ra1 Nd5 110. Ra4+ Ke5 111. Ra5 Rc3 112. Rb5 Ra3 113. Rc5 Ra8 114. Rb5
Ke4 115. Kg3 Rg8+ 116. Kf2 Rf8+ 117. Kg3 Nc3 118. Rb4+ Ke3 119. Kg4 Nd5 120.
Ra4 1/2-1/2

[Event "Bundesliga"]
[Site "Muellheim/Germany"]
[Date "2010.02.06"]
[Round "8.4"]
[White "Berelovitch"]
[Black "Rustemov"]
[Result "1-0"]
[ECO "B11"]
[WhiteElo "2551"]
[BlackElo "2532"]
[Annotator "Robot 4"]
[PlyCount "93"]
[EventDate "2010.??.??"]
[WhiteTeam "MUL"]
[BlackTeam "WAT"]
[TimeControl "40/6000+30:20/3000+30:900+30"]

1. e4 c6 2. Nc3 d5 3. Nf3 Bg4 4. h3 Bxf3 5. Qxf3 e6 6. a3 Qf6 7. Qe2 Ne7 8. d3
Nd7 9. g3 h5 10. h4 Ne5 11. Bg2 d4 12. Nb1 Qg6 13. Nd2 O-O-O 14. O-O Qg4 15.
Qe1 Qg6 16. b4 Ng4 17. Nb3 e5 18. c3 dxc3 19. Qxc3 Qd6 20. f3 Nh6 21. Rd1 Ng6
22. Be3 Kb8 23. d4 Be7 24. dxe5 Qxd1+ 25. Rxd1 Rxd1+ 26. Bf1 Rhd8 27. Bd2 Rb1
28. Bc1 Ka8 29. Bd3 Rxb3 30. Qxb3 Nxe5 31. Be2 Rf8 32. Be3 Ng8 33. Qa4 c5 34.
f4 Nc6 35. b5 Nb8 36. b6 a6 37. Bxh5 Nf6 38. Bf3 Nfd7 39. e5 Nxb6 40. Qa5 Ka7
41. Bxc5 Bxc5+ 42. Qxc5 Rd8 43. a4 a5 44. Qxa5+ Na6 45. Qb5 Nc7 46. Qc5 Na6 47.
Qe3 1-0

[Event "Bundesliga"]
[Site "Muellheim/Germany"]
[Date "2010.02.06"]
[Round "8.6"]
[White "Hausrath"]
[Black "Holzke"]
[Result "1/2-1/2"]
[ECO "A11"]
[WhiteElo "2528"]
[BlackElo "2526"]
[Annotator "Robot 4"]
[PlyCount "48"]
[EventDate "2010.??.??"]
[WhiteTeam "MUL"]
[BlackTeam "WAT"]
[TimeControl "40/6000+30:20/3000+30:900+30"]

1. Nf3 Nf6 2. c4 c6 3. g3 d5 4. Bg2 dxc4 5. O-O Nbd7 6. Qc2 Nb6 7. Na3 g6 8.
Nxc4 Nxc4 9. Qxc4 Bg7 10. d3 O-O 11. Bd2 Qb6 12. Bc3 Be6 13. Qa4 a5 14. Nd2 Nd5
15. Bxg7 Kxg7 16. Qc2 Rfd8 17. Ne4 f6 18. Nc5 Bf7 19. a3 Nc7 20. Rac1 Ne6 21.
Nxe6+ Bxe6 22. Qc5 Qxc5 23. Rxc5 Ra6 24. Rfc1 Rb6 1/2-1/2

[Event "Bundesliga"]
[Site "Muellheim/Germany"]
[Date "2010.02.06"]
[Round "8.7"]
[White "Handke"]
[Black "Saltaev"]
[Result "1-0"]
[ECO "D46"]
[WhiteElo "2513"]
[BlackElo "2492"]
[Annotator "Robot 4"]
[PlyCount "55"]
[EventDate "2010.??.??"]
[WhiteTeam "WAT"]
[BlackTeam "MUL"]
[TimeControl "40/6000+30:20/3000+30:900+30"]

1. d4 d5 2. c4 c6 3. Nf3 Nf6 4. e3 e6 5. Bd3 dxc4 6. Bxc4 Nbd7 7. O-O Bd6 8.
Nc3 b5 9. Bb3 b4 10. Na4 Bb7 11. Qc2 Qe7 12. e4 e5 13. dxe5 Nxe5 14. Nd4 c5 15.
Nf5 Bxe4 16. Nxd6+ Qxd6 17. Qxc5 Qxc5 18. Nxc5 O-O-O 19. Bf4 Ng6 20. Bg3 Bd5
21. Rfc1 a5 22. Ne6+ Kb7 23. Nxd8+ Rxd8 24. Rc7+ Kb6 25. Bxd5 Rxd5 26. Rxf7 Rd2
27. Rxg7 Rxb2 28. Rxg6 1-0

[Event "Bundesliga"]
[Site "Muellheim/Germany"]
[Date "2010.02.06"]
[Round "8.8"]
[White "Schebler"]
[Black "Straeter"]
[Result "1/2-1/2"]
[ECO "D02"]
[WhiteElo "2486"]
[BlackElo "2347"]
[Annotator "Robot 4"]
[PlyCount "109"]
[EventDate "2010.??.??"]
[WhiteTeam "MUL"]
[BlackTeam "WAT"]
[TimeControl "40/6000+30:20/3000+30:900+30"]

1. Nf3 d5 2. g3 Nc6 3. d4 Bf5 4. Bg2 e6 5. O-O Nf6 6. Bg5 Be7 7. c4 O-O 8. Bxf6
Bxf6 9. cxd5 exd5 10. Nc3 Ne7 11. Qd2 Bg6 12. Qf4 c6 13. Ne5 Nf5 14. e3 Re8 15.
Nxg6 hxg6 16. Qf3 Nd6 17. Qd1 Qd7 18. Rc1 g5 19. Na4 g6 20. Nc5 Qe7 21. Re1
Rad8 22. b4 Kg7 23. a4 b6 24. Nd3 Qd7 25. Bf3 Nc4 26. Bg4 Qd6 27. Qc2 Re7 28.
Qc3 Rde8 29. Nb2 Nxb2 30. Qxb2 Re4 31. Bf3 R4e6 32. Qc3 Be7 33. b5 cxb5 34.
axb5 Qd7 35. Qb3 Rd6 36. Rc3 Qf5 37. Bg2 g4 38. Rec1 Rh8 39. Rc6 Rdd8 40. Rc7
Bd6 41. Rxa7 Bb8 42. Rb7 Rxh2 43. Rxb8 Rxg2+ 44. Kxg2 Rxb8 45. Kf1 Rh8 46. Ke2
Qf3+ 47. Kd3 Qxf2 48. Qxd5 Rh2 49. Qe5+ Kh7 50. Qe7 Qe2+ 51. Ke4 Qf3+ 52. Kd3
Qe2+ 53. Ke4 Qf3+ 54. Kd3 Qe2+ 55. Ke4 1/2-1/2

[Event "Bundesliga"]
[Site "Berlin/Germany"]
[Date "2010.02.06"]
[Round "8.2"]
[White "Stern"]
[Black "Svetushkin"]
[Result "1-0"]
[ECO "E21"]
[WhiteElo "2501"]
[BlackElo "2570"]
[Annotator "Robot 4"]
[PlyCount "55"]
[EventDate "2010.??.??"]
[WhiteTeam "TEG"]
[BlackTeam "HDS"]
[TimeControl "40/6000+30:20/3000+30:900+30"]

1. d4 Nf6 2. c4 e6 3. Nc3 Bb4 4. Bd2 O-O 5. e3 b6 6. Nf3 Bb7 7. Bd3 Bc8 8. Bf1
Bb7 9. Bd3 d6 10. Qc2 c5 11. a3 Bxc3 12. Bxc3 Nbd7 13. d5 exd5 14. cxd5 b5 15.
Bxb5 Nxd5 16. Be2 Nxc3 17. Qxc3 Nf6 18. O-O Rb8 19. Rfd1 Qb6 20. b4 Ne4 21. Qe1
Rfc8 22. Rdc1 Bd5 23. Qd1 Qc6 24. Nd4 Qe8 25. Nf5 Ba8 26. Nxd6 Nxd6 27. Qxd6
Rb6 28. Qf4 1-0

[Event "Bundesliga"]
[Site "Berlin/Germany"]
[Date "2010.02.06"]
[Round "8.1"]
[White "Ikonnikov"]
[Black "Rabiega"]
[Result "1/2-1/2"]
[ECO "D27"]
[WhiteElo "2558"]
[BlackElo "2531"]
[Annotator "Robot 4"]
[PlyCount "96"]
[EventDate "2010.??.??"]
[WhiteTeam "HDS"]
[BlackTeam "TEG"]
[TimeControl "40/6000+30:20/3000+30:900+30"]

1. d4 d5 2. Nf3 Nf6 3. c4 dxc4 4. e3 e6 5. Bxc4 c5 6. O-O a6 7. Bd3 Nc6 8. Qe2
cxd4 9. Rd1 Be7 10. exd4 Na5 11. Bc2 b5 12. Bg5 Bb7 13. Bxf6 Bxf6 14. Nc3 O-O
15. Be4 Qb6 16. Rd3 Nc4 17. Bxb7 Qxb7 18. Ne4 Be7 19. b3 Nb6 20. Nc5 Qd5 21.
Rc1 Qf5 22. Ne5 Rac8 23. Rdd1 Nd5 24. g3 b4 25. Ne4 a5 26. Nc6 Ra8 27. Rc4 h6
28. Rdc1 Rfe8 29. Nxe7+ Rxe7 30. Nd6 Qg6 31. Rc8+ Rxc8 32. Rxc8+ Kh7 33. Qe4
Qxe4 34. Nxe4 Ra7 35. Kf1 a4 36. bxa4 Rxa4 37. Rc2 Ra3 38. Ke1 g5 39. Nd6 Kg7
40. Nc4 Rd3 41. Rd2 Rxd2 42. Kxd2 Nc3 43. Kc2 Nxa2 44. Ne5 Nc3 45. Kb3 Nd5 46.
Nd3 h5 47. Nxb4 Nxb4 48. Kxb4 g4 1/2-1/2

[Event "Bundesliga"]
[Site "Berlin/Germany"]
[Date "2010.02.06"]
[Round "8.3"]
[White "Ginsburg"]
[Black "Muse"]
[Result "1-0"]
[ECO "B06"]
[WhiteElo "2537"]
[BlackElo "2448"]
[Annotator "Robot 4"]
[PlyCount "25"]
[EventDate "2010.??.??"]
[WhiteTeam "HDS"]
[BlackTeam "TEG"]
[TimeControl "40/6000+30:20/3000+30:900+30"]

1. e4 g6 2. d4 Bg7 3. Nc3 d6 4. Nf3 a6 5. Be2 Nd7 6. O-O e6 7. Bg5 Ne7 8. Qd2
h6 9. Be3 b6 10. Rad1 Bb7 11. h3 Nf6 12. e5 Nfd5 13. Bf4 1-0

[Event "Bundesliga"]
[Site "Berlin/Germany"]
[Date "2010.02.06"]
[Round "8.4"]
[White "Von Herman"]
[Black "Gurevich"]
[Result "1/2-1/2"]
[ECO "E21"]
[WhiteElo "2424"]
[BlackElo "2470"]
[Annotator "Robot 4"]
[PlyCount "21"]
[EventDate "2010.??.??"]
[WhiteTeam "TEG"]
[BlackTeam "HDS"]
[TimeControl "40/6000+30:20/3000+30:900+30"]

1. d4 Nf6 2. c4 e6 3. Nf3 b6 4. Nc3 Bb4 5. Bd2 Bb7 6. g3 c5 7. a3 Bxc3 8. Bxc3
Ne4 9. Rc1 O-O 10. Bg2 Nc6 11. O-O 1/2-1/2

[Event "Bundesliga"]
[Site "Berlin/Germany"]
[Date "2010.02.06"]
[Round "8.5"]
[White "Chernov"]
[Black "Muse"]
[Result "1-0"]
[ECO "B01"]
[WhiteElo "2433"]
[BlackElo "2367"]
[Annotator "Robot 4"]
[PlyCount "52"]
[EventDate "2010.??.??"]
[WhiteTeam "HDS"]
[BlackTeam "TEG"]
[TimeControl "40/6000+30:20/3000+30:900+30"]

1. e4 d5 2. exd5 Qxd5 3. Nc3 Qd6 4. Nb1 Qd5 5. Nc3 Qd6 6. d4 Nf6 7. Nf3 c6 8.
Ne5 Nbd7 9. Nc4 Qc7 10. Qf3 Nb6 11. Bf4 Qd8 12. Be5 Be6 13. Na5 Nbd5 14. Nb3
Nxc3 15. Qxc3 Bd5 16. Qg3 b5 17. Bd3 g6 18. O-O Bg7 19. Rfe1 O-O 20. h3 a6 21.
Nc5 Ra7 22. a4 Qa8 23. c3 Nh5 24. Qe3 Bxe5 25. Qxe5 Ng7 26. Be4 Rd8 1-0